[Event "NOR-ch Youth 2019"]
[Site "Skien"]
[Date "2019.11.09"]
[Round "5.18"]
[White "Steensen, Oskar"]
[Black "Nilsen, Henrik Lauvsnes"]
[Result "1-0"]
[ECO "A42"]
[WhiteElo "1457"]
[BlackElo "1169"]
[Annotator "NA RC"]
[PlyCount "97"]
[EventDate "2019.11.08"]
[EventType "swiss"]
[EventCountry "NOR"]
[SourceTitle "playchess.com"]
[Source "ChessBase"]
[SourceQuality "1"]
[TimeControl "5400+30"]

1. c4 g6 2. d4 c6 3. e4 Bg7 4. Nc3 d6 5. Be3 f5 6. h4 Nf6 7. Bd3 fxe4 8. Nxe4 Nxe4 9. Bxe4 Nd7 10. Bg5 Qb6 11. Qe2 Qxd4 12. Bxg6+ Kd8 13. Bxe7+ Kc7 14. Rd1 Qxd1+ 15. Qxd1 Be5 16. Bh5 Rg8 17. Nf3 Rg7 18. Bg5 h6 19. Bxh6 Re7 20. Nxe5 Nxe5 21. O-O Be6 22. b3 Rg8 23. Bf4 Bh3 24. Bf3 Rf7 25. Bxe5 dxe5 26. Kh2 Bf5 27. Qe2 Re7 28. Be4 Bg4 29. f3 Bd7 30. g4 Reg7 31. Kg3 Kd8 32. h5 Ke7 33. h6 Rf7 34. h7 Rh8 35. f4 Kf8 36. fxe5 Rxf1 37. Qxf1+ Ke8 38. Bg6+ Kd8 39. Qf6+ Kc7 40. Qxh8 Bxg4 41. Qg7+ Kb6 42. b4 Bf5 43. a4 Bxg6 44. c5+ Ka6 45. Qxg6 b6 46. cxb6 axb6 47. Qxc6 Ka7 48. h8=Q b5 49. Qha8# 1-0

[Event "NOR-ch Youth 2019"]
[Site "Skien"]
[Date "2019.11.09"]
[Round "5.19"]
[White "Ostensen, Nicolai Maxime"]
[Black "Brattgjerd, Isak Vinh"]
[Result "1/2-1/2"]
[ECO "B25"]
[WhiteElo "1691"]
[BlackElo "1699"]
[Annotator "NA RC"]
[PlyCount "77"]
[EventDate "2019.11.08"]
[EventType "swiss"]
[EventCountry "NOR"]
[SourceTitle "playchess.com"]
[Source "ChessBase"]
[SourceQuality "1"]
[TimeControl "5400+30"]

1. e4 c5 2. Nf3 d6 3. Nc3 Nf6 4. d3 g6 5. g3 Bg7 6. Bg2 O-O 7. O-O Nc6 8. h3 Bd7 9. Re1 Rb8 10. a4 a6 11. Be3 e5 12. Nd2 Qc7 13. f4 b6 14. Ne2 Qc8 15. Kh2 Be6 16. c3 Bg4 17. Nc4 Bxe2 18. Qxe2 Qc7 19. Red1 Nd7 20. Nd2 Rbe8 21. Qf3 Nf6 22. Rab1 Nh5 23. f5 Qd7 24. b4 Rb8 25. h4 Bh8 26. Bh3 Qc7 27. Bh6 Rfe8 28. Rf1 cxb4 29. cxb4 Nd4 30. Qf2 Qe7 31. Nf3 Nxf3+ 32. Qxf3 Rbc8 33. Rf2 Rc7 34. Rbf1 Rb8 35. fxg6 hxg6 36. Qg4 Nf6 37. Qg5 Nh5 38. Qg4 Nf6 39. Qg5 1/2-1/2

[Event "NOR-ch Youth 2019"]
[Site "Skien"]
[Date "2019.11.09"]
[Round "5.20"]
[White "Bjorkan, Olav"]
[Black "Khoo-Thwe, Louis"]
[Result "0-1"]
[ECO "C45"]
[WhiteElo "1407"]
[BlackElo "1660"]
[Annotator "NA RC"]
[PlyCount "98"]
[EventDate "2019.11.08"]
[EventType "swiss"]
[EventCountry "NOR"]
[SourceTitle "playchess.com"]
[Source "ChessBase"]
[SourceQuality "1"]
[TimeControl "5400+30"]

1. e4 e5 2. d4 exd4 3. Nf3 Nc6 4. Nxd4 Bc5 5. Nxc6 Qf6 6. Be3 Bxe3 7. fxe3 Qxb2 8. Qd4 Qc1+ 9. Kf2 Qxc2+ 10. Be2 Qxc6 11. Qxg7 Qf6+ 12. Qxf6 Nxf6 13. Nd2 d6 14. Rhc1 Kd8 15. h3 Re8 16. Bf3 b6 17. e5 Rb8 18. exf6 Re6 19. Ne4 h6 20. Rd1 Bb7 21. Nc3 Rxf6 22. Rac1 a6 23. Nd5 Bxd5 24. Rxd5 c5 25. Rcd1 Kc7 26. Ke2 b5 27. R5d2 Re8 28. Bd5 Rf5 29. e4 c4 30. Rc2 Kb6 31. Rb1 Rxd5 32. Kf3 Rd3+ 33. Ke2 Rxe4+ 34. Kf2 d5 35. a4 Rb3 36. Rd1 d4 37. axb5 axb5 38. Rcd2 d3 39. Kf3 Re6 40. Kf4 Re2 41. Rxe2 dxe2 42. Re1 Rb2 43. Ke3 c3 44. Kd3 c2 45. Kd2 Rb1 46. Kxc2 Rxe1 47. Kd2 Rg1 48. Kxe2 Rxg2+ 49. Kf3 Rc2 0-1

[Event "NOR-ch Youth 2019"]
[Site "Skien"]
[Date "2019.11.09"]
[Round "5.21"]
[White "Tollefsen, Jacob"]
[Black "Kierulf, Villum Brevick"]
[Result "0-1"]
[ECO "A45"]
[WhiteElo "1160"]
[BlackElo "1373"]
[Annotator "NA RC"]
[PlyCount "94"]
[EventDate "2019.11.08"]
[EventType "swiss"]
[EventCountry "NOR"]
[SourceTitle "playchess.com"]
[Source "ChessBase"]
[SourceQuality "1"]
[TimeControl "5400+30"]

1. d4 Nf6 2. Nc3 c5 3. e3 cxd4 4. exd4 e6 5. Nf3 Bb4 6. Bd2 O-O 7. a3 Bxc3 8. Bxc3 Nc6 9. Bd3 d5 10. O-O Bd7 11. Bd2 Qb6 12. Bc3 Rac8 13. Qd2 Qc7 14. h3 Rfd8 15. Bb5 a6 16. Bd3 Be8 17. b4 b5 18. a4 Ne7 19. axb5 Qxc3 20. Qxc3 Rxc3 21. bxa6 Ra8 22. b5 Nc8 23. Rfb1 Nb6 24. Nd2 Nfd7 25. Nb3 f6 26. Na5 Nf8 27. Nb7 Bg6 28. Nc5 Bxd3 29. cxd3 e5 30. Na4 Nxa4 31. Rxa4 Rcc8 32. a7 Rc7 33. b6 Rb7 34. dxe5 fxe5 35. Ra5 Nd7 36. Rab5 Kf7 37. Rxd5 Ke6 38. Rdb5 Kd6 39. R5b3 Nc5 40. Rc3 Ne6 41. g3 Nd4 42. Kf1 Nc6 43. Ke2 Nxa7 44. Ke3 Nc6 45. Ke4 Ra4+ 46. Ke3 Ne7 47. f4 Nd5+ 0-1

[Event "NOR-ch Youth 2019"]
[Site "Skien"]
[Date "2019.11.09"]
[Round "5.22"]
[White "Ji, Jiabao Eivind"]
[Black "Ji, Jiahao Eric"]
[Result "0-1"]
[ECO "C50"]
[WhiteElo "1373"]
[BlackElo "1667"]
[Annotator "NA RC"]
[PlyCount "94"]
[EventDate "2019.11.08"]
[EventType "swiss"]
[EventCountry "NOR"]
[SourceTitle "playchess.com"]
[Source "ChessBase"]
[SourceQuality "1"]
[TimeControl "5400+30"]

1. e4 e5 2. Nf3 Nc6 3. Bc4 Nf6 4. d3 Bc5 5. Bg5 O-O 6. Nc3 h6 7. Bh4 Be7 8. Qd2 d6 9. h3 Be6 10. Bb3 Nh5 11. Bxe7 Qxe7 12. O-O g5 13. Ne2 Nf4 14. Ng3 Qf6 15. Kh2 Kh7 16. Rh1 a5 17. Ng1 a4 18. Bxe6 fxe6 19. Rf1 Nd4 20. c3 Nc6 21. N1e2 Ne7 22. d4 Neg6 23. Nxf4 Nxf4 24. dxe5 Qxe5 25. Qd4 Qxd4 26. cxd4 Nd3 27. f3 Nxb2 28. Rb1 a3 29. Rhc1 c6 30. e5 d5 31. Ne2 Ra4 32. Rc3 Rf7 33. Rb3 Kg7 34. Kg3 Kf8 35. Kf2 Ke8 36. Ke3 Kd8 37. Nc3 Ra8 38. Nd1 Nc4+ 39. Kd3 b5 40. Ne3 Kc7 41. Nc2 Rf4 42. Rb4 h5 43. Ne3 Ra7 44. Nxc4 dxc4+ 45. Kc3 Ra8 46. Rxc4 bxc4 47. Kxc4 Ra4+ 0-1

[Event "NOR-ch Youth 2019"]
[Site "Skien"]
[Date "2019.11.09"]
[Round "5.23"]
[White "Haug, Havard"]
[Black "Myagmarsuren, Evsuld"]
[Result "0-1"]
[ECO "B22"]
[WhiteElo "1544"]
[BlackElo "1471"]
[Annotator "NA RC"]
[PlyCount "94"]
[EventDate "2019.11.08"]
[EventType "swiss"]
[EventCountry "NOR"]
[SourceTitle "playchess.com"]
[Source "ChessBase"]
[SourceQuality "1"]
[TimeControl "5400+30"]

1. e4 c5 2. c3 d5 3. exd5 Qxd5 4. d4 Nf6 5. Nf3 Bg4 6. Be2 Nc6 7. O-O e6 8. Be3 cxd4 9. cxd4 Bd6 10. Nc3 Qh5 11. Nb5 Bxh2+ 12. Nxh2 Bxe2 13. Qa4 Bxb5 14. Qb3 Qd5 15. Rfc1 Qxb3 16. axb3 O-O 17. Rc5 a6 18. Nf3 Nd5 19. g3 h6 20. Kg2 f5 21. Ne5 Nxe5 22. dxe5 Rac8 23. Rac1 Nxe3+ 24. fxe3 Rxc5 25. Rxc5 Bc6+ 26. Kf2 Rd8 27. Ke2 Rd5 28. Rc1 Rxe5 29. Rd1 Rb5 30. Kd2 Rd5+ 31. Kc2 Rxd1 32. Kxd1 Kf7 33. Kd2 Kf6 34. b4 Ke5 35. Kd3 Bb5+ 36. Kc3 Ke4 37. Kb3 g5 38. Ka3 h5 39. Ka2 h4 40. gxh4 gxh4 41. b3 h3 42. Kb2 h2 43. Ka2 Kd3 44. e4 Kc2 45. exf5 h1=Q 46. fxe6 Qb1+ 47. Ka3 Qa1# 0-1

[Event "NOR-ch Youth 2019"]
[Site "Skien"]
[Date "2019.11.10"]
[Round "6.5"]
[White "Leonhardsen, Vebjorn Maanum"]
[Black "Opseth, Oliver"]
[Result "1/2-1/2"]
[ECO "A29"]
[WhiteElo "1836"]
[BlackElo "1795"]
[Annotator "NA RC"]
[PlyCount "97"]
[EventDate "2019.11.08"]
[EventType "swiss"]
[EventCountry "NOR"]
[SourceTitle "playchess.com"]
[Source "ChessBase"]
[SourceQuality "1"]
[TimeControl "5400+30"]

1. c4 e5 2. Nc3 Nf6 3. Nf3 d6 4. g3 Be7 5. Bg2 O-O 6. O-O h6 7. d3 Nc6 8. Bd2 {[%emt 0:00:46] A29: English Opening: Four Knights Variation with 4 g3} (8. Rb1 Be6 9. b4 Qd7 10. b5 Na5 11. c5 a6 12. cxd6 Bxd6 13. d4 exd4 14. Qxd4 axb5 15. Rxb5 Be7 16. Bf4 {0-1 (25) Ekdyshman,M (2362)-Vajda,L (2554) Zalakaros 2015}) 8... Bg4 9. Rc1 $146 ({Predecessor:} 9. a3 Qd7 10. Re1 Nd8 11. b4 c6 12. Qb3 Ne6 13. e3 Nh7 14. Ne2 Nhg5 15. Nh4 Nh3+ {0-1 (32) Wild,K (1885)-Jeraj,Z (2123) St Veit 2009}) 9... Qd7 10. Re1 Rae8 11. Be3 Nh5 12. d4 e4 13. Nxe4 f5 14. Nc3 f4 15. Bd2 g5 16. Nd5 Bh3 17. Qc2 Bf5 18. Qd1 Bh3 $1 19. Bc3 (19. gxf4 $16 Kh8 20. fxg5) 19... Bd8 $1 $11 {[%emt 0:02:14] remains equal.} 20. Qc2 Bf5 21. Qd1 (21. Qa4 $14) 21... Be4 22. Ne5 (22. e3 $16) 22... dxe5 23. Bxe4 Qf7 $2 {[%emt 0:06:46] [#]} ({Don't take} 23... exd4 24. Bg6 $17) (23... fxg3 $11 24. fxg3 exd4) 24. dxe5 (24. e3 $1 $18) 24... Nxe5 25. Bxe5 ({White should play} 25. Rf1 $16) 25... Rxe5 26. Bf3 g4 27. Bxg4 Rg5 $2 (27... fxg3 $16 28. fxg3 c6) 28. Bxh5 $1 Qxh5 {[%emt 0:00:58] [#]} 29. Qd4 (29. Nxf4 $142 $1 Qe8 (29... Rxf4 30. Qxd8+) 30. e3) 29... Rg4 $2 (29... Qf7) 30. Qd3 $2 (30. Nxf4 $18 Qf7 31. e3) 30... Bg5 $2 (30... fxg3 $17 {keeps the pressure on.} 31. fxg3 (31. hxg3 $2 Rxf2 {[%mdl 64] Deflection} 32. Kxf2 Qh2+ 33. Kf1 Qh3+ 34. Kf2 Qh2+ 35. Kf1 Rxg3 $19) 31... Rf2 32. Nf6+ (32. Kxf2 $2 {perishes.}) 32... Bxf6 33. Qd5+ Qxd5 34. cxd5 Rf5 35. Rxc7 Rxd5 36. Rxb7 Rd2) 31. Rcd1 c6 (31... fxg3 $11 32. fxg3 (32. hxg3 Rxf2 33. Kxf2 Qh2+ 34. Kf1 Rxg3 $11) 32... Rf2) 32. Nc3 Qf7 (32... Be7 $16 {was called for.} 33. Ne4 fxg3 34. fxg3 (34. hxg3 $2 Qe5 $17) 34... Rff4) 33. Rf1 h5 $2 (33... Bf6 34. Qf5 Qg6 35. Qxg6+ Rxg6) 34. Ne4 $2 (34. h3) 34... Be7 35. Nd6 Bxd6 36. Qxd6 Rg6 37. Qd3 h4 38. Kg2 Qe6 39. b3 Rh6 $2 (39... Rg7 $16 40. c5 Re8) 40. Rh1 (40. gxf4 $142 Rxf4 41. Rg1 Rg6+ 42. Kh1 Rxg1+ 43. Rxg1+ Rg4 44. Qd8+ Kh7 45. Rxg4 Qxg4 46. f3) 40... Qg4 (40... Rg6 {was necessary.} 41. Rhe1 Rg7) 41. Qf3 Qg5 (41... Qg6 $1 $14 42. Qd3 Qg5) 42. Qd3 $2 (42. g4 $18) 42... Qg4 $1 ({Avoid the trap} 42... fxg3 $2 43. hxg3 Rhf6 44. Rxh4 $18) 43. h3 Qe6 44. g4 Rhf6 45. f3 Qe8 46. Rhe1 Re6 47. Rd2 Re3 48. Qd7 Qe5 $18 49. Qd4 1/2-1/2

[Event "NOR-ch Youth 2019"]
[Site "Skien"]
[Date "2019.11.10"]
[Round "6.6"]
[White "Gaure, Sigurd Lauvas"]
[Black "Holm, Karl Oskar Magnus"]
[Result "0-1"]
[ECO "B01"]
[WhiteElo "1648"]
[BlackElo "1751"]
[Annotator "NA RC"]
[PlyCount "56"]
[EventDate "2019.11.08"]
[EventType "swiss"]
[EventCountry "NOR"]
[SourceTitle "playchess.com"]
[Source "ChessBase"]
[SourceQuality "1"]
[TimeControl "5400+30"]

1. e4 d5 2. exd5 Qxd5 3. Nc3 Qa5 4. Nf3 Nf6 5. d3 c6 6. h3 Bf5 7. Be2 e6 8. O-O Bd6 9. Bd2 Qc7 10. Nh4 Bg6 11. Bg5 Nbd7 12. Bg4 O-O-O 13. f4 Rde8 14. f5 Nxg4 15. Qxg4 exf5 16. Nxf5 Bxf5 17. Rxf5 h5 18. Qc4 f6 19. Bf4 Bxf4 20. Qxf4 Qb6+ 21. Kh2 Qxb2 22. Ne4 Rxe4 23. Qxe4 Qxa1 24. Qe7 Qxa2 25. Qxg7 Qg8 26. Qe7 Qe8 27. Qd6 Rg8 28. Qd4 Qe2 0-1

[Event "NOR-ch Youth 2019"]
[Site "Skien"]
[Date "2019.11.10"]
[Round "6.11"]
[White "Vangen, David Luangtep"]
[Black "Unneland, Mathias"]
[Result "0-1"]
[ECO "B20"]
[WhiteElo "1732"]
[BlackElo "2029"]
[Annotator "NA RC"]
[PlyCount "74"]
[EventDate "2019.11.08"]
[EventType "swiss"]
[EventCountry "NOR"]
[SourceTitle "playchess.com"]
[Source "ChessBase"]
[SourceQuality "1"]
[TimeControl "5400+30"]

1. e4 c5 2. b3 Nc6 3. Bb2 e5 4. Nc3 d6 5. Nge2 g6 6. Nd5 Bg7 7. Nec3 Nge7 8. Qf3 Nd4 9. Bb5+ Nec6 10. Qd3 a6 11. Bxc6+ bxc6 12. Ne3 a5 13. Qf1 f5 14. O-O-O f4 15. Nc4 O-O 16. f3 d5 17. Na3 Rf7 18. Na4 Ba6 19. d3 Bf8 20. c4 Rb8 21. Qf2 Rfb7 22. Rd2 (22. h4 $11 {keeps the balance.}) 22... Bd6 ({Better is} 22... Qd7 $17 23. Rdd1 dxe4 24. dxe4 Qf7) 23. Re1 ({White should play} 23. h4 $11) 23... Re7 ({Black should try} 23... Qd7 $15) 24. Nc3 Bb7 25. Na4 Ba8 26. Nc3 Qc7 27. Na4 ({White should play} 27. cxd5 $14 Ree8 28. Nc4) 27... Rg7 28. Rg1 Rf8 29. Bc3 g5 30. h3 h5 31. Rdd1 Rf6 32. Qd2 g4 33. Bxa5 Qe7 34. Qf2 Rfg6 35. Kd2 $2 (35. hxg4 $1 $11 {and White stays safe.} hxg4 36. Nc2) 35... gxf3 36. gxf3 Rxg1 37. Qe3 (37. Rxg1 $19 Nxf3+ {[%mdl 64] Deflection} 38. Qxf3 Rxg1 39. Ke2) 37... fxe3+ {[%emt 0:00:17] Nc2} 0-1

[Event "NOR-ch Youth 2019"]
[Site "Skien"]
[Date "2019.11.10"]
[Round "6.12"]
[White "Johannessen, Heine N"]
[Black "Oye-Stromberg, Alexander"]
[Result "1/2-1/2"]
[ECO "E65"]
[WhiteElo "1772"]
[BlackElo "1980"]
[Annotator "NA RC"]
[PlyCount "55"]
[EventDate "2019.11.08"]
[EventType "swiss"]
[EventCountry "NOR"]
[SourceTitle "playchess.com"]
[Source "ChessBase"]
[SourceQuality "1"]
[TimeControl "5400+30"]

1. d4 Nf6 2. Nf3 c5 3. c4 g6 4. g3 Bg7 5. Bg2 O-O 6. O-O Nc6 7. Nc3 d6 8. dxc5 dxc5 9. Be3 Qa5 10. Qa4 Nd7 11. Qxa5 {[%emt 0:10:33] E65: King's Indian: Fianchetto: 6...c5 7 0-0 without d5 by White} Nxa5 12. Nd2 Bxc3 13. bxc3 Rb8 (13... Re8 14. Rfd1 Kg7 15. Bf4 Nb6 16. Rab1 Bg4 17. Rb5 e5 18. Bg5 Nc6 {½-½ (43) Iturrizaga Bonelli,E (2653)-Kovalenko,I (2650) Riga 2014}) 14. Rfd1 b6 15. Bf4 e5 16. Bh6 Re8 17. Ne4 Nxc4 $146 {[%emt 0:08:37] [#]} ({Predecessor:} 17... Re7 18. Bg5 Re6 {½-½ (30) Frois,A (2346)-Martinez Martin,D (2283) Madrid 2000}) 18. Rxd7 $1 {[%emt 0:07:47] Remove Defender, Decoy} Bxd7 19. Nf6+ {[%emt 0:00:17] Double Attack} Kh8 20. Nxd7 Rbd8 21. Rd1 (21. Nf6 $18 {and White stays clearly on top.}) 21... Re7 22. Bc6 Re6 23. Bg2 Re7 24. Bc6 Re6 25. Bg2 $2 Re7 $1 26. Bc6 Re6 $18 {White has to play} 27. Bb5 $18 Na3 28. Ba4 1/2-1/2

[Event "NOR-ch Youth 2019"]
[Site "Skien"]
[Date "2019.11.10"]
[Round "6.13"]
[White "Tunsjo, Axel"]
[Black "Eliseev, Sergey"]
[Result "1/2-1/2"]
[ECO "B30"]
[WhiteElo "2038"]
[BlackElo "1911"]
[Annotator "NA RC"]
[PlyCount "46"]
[EventDate "2019.11.08"]
[EventType "swiss"]
[EventCountry "NOR"]
[SourceTitle "playchess.com"]
[Source "ChessBase"]
[SourceQuality "1"]
[TimeControl "5400+30"]

1. e4 c5 2. a3 Nc6 3. Nf3 Nf6 (3... g6 4. Bc4 Bg7 5. Nc3 e6 6. O-O Nge7 7. d3 O-O 8. Bf4 d5 9. Ba2 a6 10. Qc1 Nd4 11. Nxd4 cxd4 {1-0 (53) Boros,D (2457)-Blit,J (2374) chess.com INT 2018}) 4. Nc3 d5 5. exd5 Nxd5 6. Bb5 {[%emt 0:00:07] B30: Sicilian: 2...Nc6 3 Bb5, lines without ...g6} Nxc3 7. Bxc6+ bxc6 8. bxc3 Qd5 $146 ({Predecessor:} 8... c4 9. O-O Qd5 10. Re1 {0-1 (54) Steer,J (1937)-Andersen,S (2115) Budapest 2013}) 9. Qe2 Be6 10. O-O g5 11. d3 g4 12. Ng5 Bg7 13. c4 Qe5 14. Qxe5 ({White should try} 14. Be3) 14... Bxe5 15. Rb1 Bf5 16. Re1 (16. f3 $16) 16... Bc3 17. Re2 O-O 18. Rxe7 Rfe8 19. Rxe8+ Rxe8 20. Be3 f6 21. Ne4 Bxe4 22. dxe4 Rxe4 23. Bxc5 a6 $11 1/2-1/2

[Event "NOR-ch Youth 2019"]
[Site "Skien"]
[Date "2019.11.10"]
[Round "6.14"]
[White "Solaas, Timian Martinius Man"]
[Black "Nordquelle, Amelia"]
[Result "0-1"]
[ECO "B52"]
[WhiteElo "1796"]
[BlackElo "1670"]
[Annotator "NA RC"]
[PlyCount "94"]
[EventDate "2019.11.08"]
[EventType "swiss"]
[EventCountry "NOR"]
[SourceTitle "playchess.com"]
[Source "ChessBase"]
[SourceQuality "1"]
[TimeControl "5400+30"]

1. e4 c5 2. Nf3 d6 3. Bb5+ Bd7 4. Bxd7+ Nxd7 5. O-O g6 6. c3 c4 7. b3 Nc5 8. bxc4 Nxe4 9. d3 Nc5 10. d4 Ne4 11. Qd3 f5 12. d5 Bg7 13. Nd4 Nc5 14. Qe2 Nf6 15. f3 Nfd7 16. Ba3 O-O 17. Nd2 Na4 18. Qd3 Ndc5 19. Bxc5 Nxc5 20. Qe2 Qa5 21. Rfc1 Na4 22. N2b3 Qb6 23. Qd3 Rac8 24. Rab1 Rfe8 25. Kh1 Qa6 26. Nd2 Nb6 27. Nb5 Bh6 28. Re1 Qxa2 29. Nb3 Rxc4 30. Nxd6 exd6 31. Rxe8+ Kf7 32. Rbe1 Bg5 33. Nc1 Bxc1 34. R1e7+ Kf6 35. f4 Rxf4 36. Re6+ Kg5 37. Qg3+ Rg4 38. h4+ Kh6 39. Qh3 Qf2 40. Re2 Qf1+ 41. Kh2 Bf4+ 42. g3 Bxg3+ 43. Qxg3 Rxg3 44. Kxg3 Nxd5 45. Re1 f4+ 46. Kh2 Qf2+ 47. Kh3 Qg3# 0-1

[Event "NOR-ch Youth 2019"]
[Site "Skien"]
[Date "2019.11.10"]
[Round "6.16"]
[White "Olsen, William Alexander"]
[Black "Digernes, Mikael"]
[Result "1-0"]
[ECO "E63"]
[WhiteElo "1842"]
[BlackElo "1715"]
[Annotator "NA RC"]
[PlyCount "99"]
[EventDate "2019.11.08"]
[EventType "swiss"]
[EventCountry "NOR"]
[SourceTitle "playchess.com"]
[Source "ChessBase"]
[SourceQuality "1"]
[TimeControl "5400+30"]

1. c4 Nf6 2. Nf3 g6 3. g3 Bg7 4. Bg2 d6 5. O-O O-O 6. Nc3 Nc6 7. e3 a6 8. d4 Rb8 9. a4 {[%emt 0:06:39] E63: King's Indian: Fianchetto: Panno Variation with 7...a6} (9. Qe2 b5 10. Rd1 e6 11. b3 bxc4 12. Qxc4 Nb4 13. a3 Nbd5 14. Ne2 Bd7 15. Qc2 Bb5 16. Re1 c5 {½-½ (48) Tomashevsky,E (2702)-Nakamura,H (2780) Palma de Mallorca 2017}) 9... Bf5 10. Re1 Ne4 $146 ({Predecessor:} 10... e5 11. Nh4 Bg4 12. f3 Bd7 13. d5 Na5 14. Bf1 c5 15. e4 Qb6 16. Ra3 {0-1 (37) Kosovac,M (2039)-Ivanovic,N (2227) Belgrade 2011}) 11. Nh4 Nxc3 12. bxc3 Bd7 13. a5 e5 14. d5 Ne7 15. e4 f5 16. Bg5 Qe8 17. Qd2 fxe4 18. Bxe4 Nf5 19. Ng2 Qf7 20. Rf1 Bf6 21. Bxf6 Qxf6 22. f4 Rbe8 23. Rae1 Qg7 24. g4 Ne7 25. h3 h5 26. gxh5 (26. fxe5 $5 Rxf1+ 27. Rxf1 Qxe5 28. Qf2 $14) 26... Bxh3 27. fxe5 gxh5 28. exd6 cxd6 29. Qd3 Bg4 {[%emt 0:02:15] [#]} (29... Rxf1+ $11 30. Rxf1 Bxg2 31. Bxg2 Ng6) 30. Qg3 (30. c5 $1 $14 ) 30... Rf6 (30... Rxf1+ $11 31. Rxf1 Be2 32. Qxg7+ Kxg7) 31. Rxf6 Qxf6 32. Nf4 (32. Rf1 $16 Qh6 33. c5) 32... Kh8 33. Bg2 Rg8 $11 (33... Rf8 $2 ) 34. Qf2 Rf8 35. c5 {[%emt 0:04:06] Remove Defender, Decoy} Qg5 $2 (35... Kg8 $14) 36. Qd4+ (36. cxd6 $142 Ng8 {[#]} 37. Ng6+ $1 Qxg6 38. Qxf8) 36... Kg8 37. cxd6 Nf5 $2 (37... Ng6 38. Nxg6 Qxg6) 38. Qe5 Qd8 39. Ne6 Qxd6 40. Nxf8 Qxe5 41. Rxe5 Kxf8 {[%emt 0:00:15] [#]} 42. Bf3 $1 Nd6 43. Bxg4 hxg4 44. Re6 Nb5 45. c4 (45. d6 $142 Kf7 {[#]} 46. d7 $1 Kxe6 47. d8=Q) 45... Na3 46. d6 Kf7 47. Re4 Nxc4 48. Rxc4 Ke6 49. Rd4 Kd7 50. Kg2 1-0

[Event "NOR-ch Youth 2019"]
[Site "Skien"]
[Date "2019.11.10"]
[Round "6.17"]
[White "Steensen, Oskar"]
[Black "Strand, Vetle Bjorge"]
[Result "0-1"]
[ECO "A07"]
[WhiteElo "1457"]
[BlackElo "1695"]
[Annotator "NA RC"]
[PlyCount "116"]
[EventDate "2019.11.08"]
[EventType "swiss"]
[EventCountry "NOR"]
[SourceTitle "playchess.com"]
[Source "ChessBase"]
[SourceQuality "1"]
[TimeControl "5400+30"]

1. Nf3 d5 2. g3 Bf5 3. d3 Nf6 4. Bg2 e6 5. O-O c5 6. b3 Nc6 7. Bb2 Be7 8. Nbd2 O-O 9. Nh4 Bg6 10. Nxg6 hxg6 11. c4 Qd7 12. Rc1 d4 13. Ne4 Nxe4 14. dxe4 e5 15. e3 Rad8 16. Qe2 Bd6 17. f4 f6 18. f5 Qf7 19. exd4 exd4 20. e5 Bxe5 21. Bd5 Rxd5 22. fxg6 Qxg6 23. cxd5 Nb4 24. Rf3 b6 25. d6 Qf7 26. Qc4 Qxc4 27. bxc4 Bxd6 28. Rf5 Be5 29. Rd1 Nc6 30. Rf3 Rd8 31. Kf2 Kf7 32. Ba3 Ke6 33. Re1 Na5 34. Ke2 Nxc4 35. Rc1 Kd5 36. Rd1 Re8 37. Kf2 b5 38. Bc1 a5 39. Rb3 Nd6 40. Kf3 c4 41. Rb2 c3 42. Rb3 Kc4 43. Bf4 Bxf4 44. gxf4 a4 45. Rbb1 c2 46. Rbc1 Kc3 47. h4 d3 48. f5 d2 49. h5 dxc1=Q 50. Rxc1 Kd2 51. h6 gxh6 52. a3 Kxc1 53. Kg4 Kd2 54. Kf3 c1=Q 55. Kg4 Qg1+ 56. Kf4 Re4+ 57. Kf3 Qg4+ 58. Kf2 Rf4# 0-1

[Event "NOR-ch Youth 2019"]
[Site "Skien"]
[Date "2019.11.10"]
[Round "6.19"]
[White "Khoo-Thwe, Louis"]
[Black "Ostensen, Nicolai Maxime"]
[Result "1-0"]
[ECO "B45"]
[WhiteElo "1660"]
[BlackElo "1691"]
[Annotator "NA RC"]
[PlyCount "47"]
[EventDate "2019.11.08"]
[EventType "swiss"]
[EventCountry "NOR"]
[SourceTitle "playchess.com"]
[Source "ChessBase"]
[SourceQuality "1"]
[TimeControl "5400+30"]

1. e4 c5 2. Nf3 e6 3. d4 cxd4 4. Nxd4 Nc6 5. Nc3 Bc5 6. Ndb5 a6 7. Nd6+ Bxd6 8. Qxd6 Qe7 9. Qg3 f6 10. Bf4 h5 11. Bd6 Qf7 12. Na4 h4 13. Qf4 e5 14. Qd2 Nge7 15. Nb6 Ra7 16. Bc4 Qg6 17. O-O-O Qxe4 18. Bxe7 Qf4 19. Qxf4 exf4 20. Nxc8 Ra8 21. Nb6 Ra7 22. Rxd7 Rh6 23. Re1 Ne5 24. Bd6 1-0

[Event "NOR-ch Youth 2019"]
[Site "Skien"]
[Date "2019.11.10"]
[Round "6.20"]
[White "Brattgjerd, Isak Vinh"]
[Black "Tenfjord Engelsen, Teodor"]
[Result "1-0"]
[ECO "D02"]
[WhiteElo "1699"]
[BlackElo "1349"]
[Annotator "NA RC"]
[PlyCount "101"]
[EventDate "2019.11.08"]
[EventType "swiss"]
[EventCountry "NOR"]
[SourceTitle "playchess.com"]
[Source "ChessBase"]
[SourceQuality "1"]
[TimeControl "5400+30"]

1. d4 d5 2. Bf4 Nf6 3. e3 c5 4. c3 Nc6 5. Nf3 Bf5 6. Bd3 Bg6 7. Bxg6 hxg6 8. Qb3 Qd7 9. Nbd2 e6 10. Rb1 Nh5 11. Bg3 Nxg3 12. fxg3 cxd4 13. exd4 Bd6 14. O-O Qc7 15. Rfe1 O-O-O 16. Nf1 Kb8 17. Qb5 Qa5 18. Qd3 Rc8 19. a3 Qb6 20. Kh1 Qc7 21. N3d2 Ne7 22. Rec1 Nf5 23. Kg1 Qb6 24. b4 Rc7 25. Nb3 Rhc8 26. Nc5 Qc6 27. Rb3 Ka8 28. Rcb1 b6 29. b5 Qe8 30. Na4 Qe7 31. Ra1 Nh6 32. Nb2 Ng8 33. a4 Nf6 34. Nd2 Kb8 35. Nd1 e5 36. a5 exd4 37. cxd4 Rc1 38. Rbb1 Rxb1 39. Rxb1 bxa5 40. Nf2 Bb4 41. Nf3 Ne4 42. Ne5 Ka8 43. Nxe4 dxe4 44. Qxe4+ Qb7 45. Nc6 f5 46. Qd5 Bc3 47. Rb3 Bxd4+ 48. Qxd4 Rxc6 49. bxc6 Qxb3 50. Qd8+ Qb8 51. c7 1-0

[Event "NOR-ch Youth 2019"]
[Site "Skien"]
[Date "2019.11.10"]
[Round "6.22"]
[White "Ji, Jiahao Eric"]
[Black "Myagmarsuren, Evsuld"]
[Result "1-0"]
[ECO "B50"]
[WhiteElo "1667"]
[BlackElo "1471"]
[Annotator "NA RC"]
[PlyCount "73"]
[EventDate "2019.11.08"]
[EventType "swiss"]
[EventCountry "NOR"]
[SourceTitle "playchess.com"]
[Source "ChessBase"]
[SourceQuality "1"]
[TimeControl "5400+30"]

1. e4 c5 2. Nf3 d6 3. c3 Nf6 4. Be2 Bd7 5. d3 e5 6. O-O Be7 7. Bg5 Nc6 8. Nbd2 O-O 9. Nc4 Qc7 10. Qc2 b5 11. Ne3 b4 12. Bxf6 Bxf6 13. Nd5 Qd8 14. cxb4 Nxb4 15. Nxb4 cxb4 16. Rac1 Rc8 17. Qb3 Qb6 18. a3 a5 19. axb4 axb4 20. Ra1 Be6 21. Qa4 b3 22. Rfc1 Qb7 23. Rxc8 Rxc8 24. Bd1 h6 25. Nd2 Bg5 26. Nxb3 Bxb3 27. Bxb3 Rc1+ 28. Rxc1 Bxc1 29. Qe8+ Kh7 30. Bxf7 h5 31. Qg8+ Kh6 32. Qh8+ Kg5 33. Qxh5+ Kf6 34. Qg6+ Ke7 35. Qe6+ Kd8 36. Qxd6+ Qd7 37. Qc5 1-0